 Dungeon Crawl Stone Soup version 0.30-a0-4-ga7cffc901d (webtiles) character file.

Game seed: 18297816177502330631

2046 SensoryNuts the Cleaver (level 8, 0/67 HPs)
             Began as a Demigod Fighter on Aug 21, 2022.
             Slain by an ogre
             ... wielding a +0 giant spiked club
              (27 damage)
             ... on level 7 of the Dungeon.
             The game lasted 00:09:40 (7286 turns).

SensoryNuts the Cleaver (Demigod Fighter)           Turns: 7286, Time: 00:09:40

Health: 0/67       AC: 17    Str: 29    XL:     8   Next: 75%
Magic:  11/11      EV:  7    Int:  9    God:
Gold:   422        SH:  0    Dex: 12    Spells: 7/7 levels left

rFire   . . .      SeeInvis .    a - +1 war axe
rCold   . . .      Faith    .    c - +0 buckler
rNeg    . . .      Spirit   .    e - +2 plate armour
rPois   .          Reflect  .    (no helmet)
rElec   .          Harm     .    (no cloak)
rCorr   .          Rampage  .    (no gloves)
Will    .....                    n - +0 pair of boots
Stlth   ..........               (no amulet)
HPRegen 0.21/turn                (no ring)
MPRegen 0.12/turn                (no ring)

@: confused, mighty, ambrosia-drunk
A: high MP 2, forlorn, divine attributes, iridescent scales 1, screaming 1,
strong 1
a: no special abilities


You were on level 7 of the Dungeon.
You visited 2 branches of the dungeon, and saw 8 of its levels.
You also visited: Ossuary.

You collected 422 gold pieces.

Inventory:

Hand Weapons
 a - a +1 war axe (weapon)
 i - the +9 hammer "Pecuykie" {protect, rN+ Will- Str+3}
   (You found it on level 2 of the Dungeon)

   It grants its wielder temporary protection when it strikes (+7 to AC).
   Str:       It affects your strength (+3).
   rN:        It protects you from negative energy.
   Will:      It decreases your willpower.
Armour
 c - a +0 buckler (worn)
 e - a +2 plate armour (worn)
 n - a +0 pair of boots (worn)
Jewellery
 d - a ring of willpower
 f - an amulet of the acrobat
Wands
 b - a wand of mindburst (16)
 g - a wand of polymorph (11)
 q - a wand of paralysis (12)
 u - a wand of flame (18)
Scrolls
 h - 5 scrolls of fog
 k - a scroll of amnesia
 l - 4 scrolls of identify
 p - a scroll of poison {unknown}
 r - 2 scrolls of immolation
 s - a scroll of teleportation
Potions
 j - a potion of ambrosia
 o - 3 potions of mutation
 t - a potion of cancellation


   Skills:
 + Level 4.4 Fighting
 * Level 8.9 Axes
 + Level 4.8 Armour
 + Level 1.2 Dodging
 + Level 1.7 Stealth
 + Level 3.8 Shields


You had 7 spell levels left.
You didn't know any spells.
Your spell library contained the following spells:

 Spells                   Type           Power      Damage    Failure   Level
 Magic Dart               Conj           0%         1d3       99%         1
 Summon Small Mammal      Summ           0%         N/A       99%         1
 Searing Ray              Conj           0%         2d4       100%        2
 Static Discharge         Conj/Air       0%         3-3/arc   100%        2
 Call Canine Familiar     Summ           0%         N/A       100%        3
 Portal Projectile        Hex/Tloc       0%         N/A       100%        3
 Stone Arrow              Conj/Erth      0%         3d7       100%        3
 Summon Guardian Golem    Hex/Summ       0%         N/A       100%        3
 Tukima's Dance           Hex            0%         N/A       100%        3
 Animate Armour           Summ/Erth      0%         N/A       100%        4
 Fulminant Prism          Conj/Hex       0%         3d6       100%        4
 Blade Hands              Tmut           0%         N/A       100%        5
 Lightning Bolt           Conj/Air       0%         1d11      100%        5
 Lehudib's Crystal Spear  Conj/Erth      0%         10d2      100%        8
 Maxwell's Capacitive Co  Air            0%         ∞         100%        8


Dungeon Overview and Level Annotations

Branches:
Dungeon (7/15)             Temple (1/1) D:5         Ossuary (visited)


Innate Abilities, Weirdness & Mutations

You have a considerably increased reservoir of magic. (+20% MP)
You shall have no god before yourself.
Your divine heritage dramatically boosts your attributes as you level up.
You are partially covered in iridescent scales. (AC +2)
You occasionally shout uncontrollably at your foes.
Your muscles are strong. (Str +4, Int/Dex -1)


Message History

The orc warrior hits you but does no damage.
You slash the orc warrior!
The orc warrior is almost dead.
The orc warrior hits you with a +2 trident of protection.
You hit the orc warrior.
You kill the orc warrior!
Things that are here:
a +2 trident of protection; a +0 plate armour
Things that are here:
a +0 shortbow; a centaur corpse An ogre comes into view.
It is wielding a +0 giant spiked club.
An ogre is nearby!
An ogre is nearby!
An ogre is nearby!
An ogre is nearby!
An ogre is nearby!
The ogre shouts!
You hear a shout! x2
You feel very mighty all of a sudden.
You barely miss the ogre. The ogre barely misses you.
You hit the ogre.
The ogre is lightly wounded.
The ogre hits you with a +0 giant spiked club!
* * * LOW HITPOINT WARNING * * *
You slash the ogre!
The ogre is heavily wounded.
You hit the ogre.
The ogre is severely wounded.
The ogre hits you with a +0 giant spiked club!
* * * LOW HITPOINT WARNING * * *
You are confused.
You feel invigorated.
The ogre hits you with a +0 giant spiked club!
* * * LOW HITPOINT WARNING * * *
You're too confused to move!
The ogre barely misses you.
You bump into the rock wall.
The ogre hits you but does no damage.
You bump into the rock wall.
You hit the ogre.
The ogre is almost dead.
The ogre hits you with a +0 giant spiked club!!
You die...

###..#.........#
#................
#.#..............
#.#.#.##+####...
#.#.#.##.####...
#.#.#..........#
#.#.#### ...##.#
#.#.#######.##.#
#.#......(.)).@###
##########).O..#
#####.# ... #.# .#
. .


You could see an ogre.

Vanquished Creatures
  Menkaure (D:5)
  2 water moccasins
  An orc warrior (D:7)
  A black bear (D:5)
  2 centaurs
  2 phantoms
  6 water moccasin zombies (Ossuary)
  Crazy Yiuf (D:2)
  5 hounds
  A jelly (D:6)
  3 orc priests
  4 iguanas
  Natasha (thrice) (D:2)
  2 orc wizards
  2 mummies (Ossuary)
  12 gnolls
  7 adders
  2 shadow imps (D:6)
  2 white imps
  3 adder zombies (Ossuary)
  2 worms (D:3)
  3 dart slugs
  14 orcs
  7 endoplasms
  6 giant cockroaches
  7 goblins
  6 hobgoblins
  6 quokkas
  11 ball pythons
  2 bats
  6 frilled lizards
  5 gnoll zombies (Ossuary)
  5 hobgoblin zombies (Ossuary)
  3 kobolds
  2 kobold zombies (Ossuary)
  3 orc zombies (Ossuary)
  A quokka zombie (D:4)
  4 rats
  A rat zombie (D:4)
156 creatures vanquished.

Notes
Turn   | Place    | Note
-------+----------+-------------------------------------------
     0 | D:1      | SensoryNuts the Demigod Fighter began the quest for the
                  | Orb.
     0 | D:1      | Reached XP level 1. HP: 18/18 MP: 3/3
   565 | D:1      | Reached XP level 2. HP: 25/25 MP: 4/4
   645 | D:1      | Reached skill level 2 in Axes
   787 | D:2      | Noticed Natasha
   796 | D:2      | Killed Natasha
   797 | D:2      | Reached XP level 3. HP: 7/31 MP: 5/5
  1183 | D:2      | Found a runed translucent door.
  1184 | D:2      | Noticed Crazy Yiuf
  1469 | D:2      | Noticed Natasha
  1490 | D:2      | Killed Natasha
  1491 | D:2      | Reached XP level 4. HP: 33/38 MP: 6/6
  1624 | D:2      | Reached skill level 3 in Axes
  1741 | D:2      | Noticed Natasha
  1750 | D:2      | Killed Natasha
  1973 | D:2      | Killed Crazy Yiuf
  1974 | D:2      | Reached skill level 1 in Stealth
  1974 | D:2      | Reached XP level 5. HP: 31/45 MP: 7/7
  2006 | D:2      | Identified the +9 hammer "Pecuykie" {protect, rN+ Will-
                  | Str+3}
  2908 | D:4      | Reached skill level 4 in Axes
  3018 | D:4      | Noticed a centaur
  3027 | D:4      | Killed a centaur
  3028 | D:4      | Reached XP level 6. HP: 46/52 MP: 8/8
  3152 | D:4      | Found a sand-covered staircase.
  3186 | Ossuary  | Entered an ossuary
  3350 | Ossuary  | Reached skill level 5 in Axes
  3373 | Ossuary  | Reached XP level 7. HP: 19/58 MP: 9/9
  4009 | D:4      | Reached skill level 6 in Axes
  4635 | D:4      | Gained mutation: You expend magic power (3 MP) to
                  | strengthen your wands. [potion of mutation]
  4635 | D:4      | Gained mutation: You sometimes lose your temper in combat.
                  | [potion of mutation]
  4638 | D:4      | Lost mutation: You sometimes lose your temper in combat.
                  | [potion of mutation]
  4638 | D:4      | Lost mutation: You expend magic power (3 MP) to strengthen
                  | your wands. [potion of mutation]
  4638 | D:4      | Gained mutation: You occasionally shout uncontrollably at
                  | your foes. [potion of mutation]
  4638 | D:4      | Gained mutation: You have hidden genetic defects. [potion
                  | of mutation]
  4638 | D:4      | Gained mutation: You are partially covered in iridescent
                  | scales. (AC +2) [potion of mutation]
  4638 | D:4      | Gained mutation: You are mostly covered in iridescent
                  | scales. (AC +4) [potion of mutation]
  4639 | D:4      | Lost mutation: You are mostly covered in iridescent scales.
                  | (AC +4) [potion of mutation]
  4639 | D:4      | Lost mutation: You have hidden genetic defects. [potion of
                  | mutation]
  4639 | D:4      | Gained mutation: You have a considerably increased
                  | reservoir of magic. (+20% MP) [potion of mutation]
  4639 | D:4      | Gained mutation: Your muscles are strong. (Str +4, Int/Dex
                  | -1) [potion of mutation]
  4666 | D:5      | Entered Level 5 of the Dungeon
  4925 | D:5      | Found a staircase to the Ecumenical Temple.
  4945 | Temple   | Entered the Ecumenical Temple
  5504 | D:5      | Reached skill level 7 in Axes
  5586 | D:5      | Reached XP level 8. HP: 63/66 MP: 11/11
  5950 | D:5      | Noticed Menkaure
  5961 | D:5      | Killed Menkaure
  6327 | D:5      | Reached skill level 1 in Dodging
  6423 | D:6      | Reached skill level 8 in Axes
  7286 | D:7      | Slain by an ogre

Illustrated notes

Levels and vault maps discovered:
D:1:      elethiomel_arrival_shortcut, layout_basic, minmay_heptomino_w4
D:2:      layout_rooms, hellmonk_ecumenical_altar_zigzags,
          minmay_strange_pillars, uniq_natasha, uniq_crazy_yiuf_cottage
D:3:      layout_basic, grunt_ministairs_9
D:4:      layout_basic, enter_ossuary_4
D:5:      layout_loops_ring, lemuel_coloured_pillars_altar,
          minmay_temple_entry_proselytizer, uniq_menkaure
D:6:      layout_loops_ring
D:7:      layout_basic
Temple:   compressed_dpeg_triangle_lava_temple

Skill      XL: |  1  2  3  4  5  6  7  8 |
---------------+-------------------------+-----
Armour         | 3 4 |  4.8
Axes           | 2 3 4 5 7 8 |  8.9
Fighting       | 3 4 |  4.4
Shields        | 3 |  3.8
Stealth        | 1 |  1.7
Dodging        | 1 |  1.2

Action                   |  1- 3 |  4- 6 |  7- 9 || total
-------------------------+-------+-------+-------++-------
Melee: War axe           |    80 |   199 |   229 ||   508
       Unarmed           |       |     1 |       ||     1
  Use: Scroll            |     2 |     1 |     8 ||    11
       Potion            |     2 |     3 |    14 ||    19
Armor: Scale mail        |    21 |       |       ||    21
       Plate armour      |    28 |   153 |   134 ||   315
Dodge: Dodged            |    34 |    67 |    70 ||   171
Block: Buckler           |    14 |    60 |    51 ||   125

Table legend: (Time is in decaauts)
 A = Elapsed time spent in this place.
 B = Non-inter-level travel time spent in this place.
 C = Inter-level travel time spent in this place.
 D = Time resting spent in this place.
 E = Time spent auto-exploring this place.
 F = Levels seen in this place.
 G = Mean time per level.
                   A        B        C        D        E       F      G
               +--------+--------+--------+--------+--------+-----+--------+
         Total |   7440 |   7285 |    155 |     61 |   5946 |   9 |  826.7 |
       Dungeon |   6104 |   5949 |    155 |     61 |   4850 |   7 |  872.0 |
        Temple |    540 |    540 |      0 |      0 |    484 |   1 |  540.0 |
       Ossuary |    795 |    795 |      0 |      0 |    612 |   1 |  795.0 |
               +--------+--------+--------+--------+--------+-----+--------+

Top non-repeatable levels by time:
     D:5: 1215 daAuts
     D:2: 1160 daAuts
     D:4: 1097 daAuts
     D:1: 1023 daAuts
 Ossuary: 795 daAuts
     D:3: 723 daAuts
     D:6: 635 daAuts
  Temple: 540 daAuts
     D:7: 249 daAuts
